 Dungeon Crawl Stone Soup version 0.27.1-1-g398f81649c (console) character file.

Game seed: 14583485013369751368

1045 Theed the Cleaver (level 8, -6/73 HPs)
             Began as a Hill Orc Monk on Sept 19, 2021.
             Was a Believer of Beogh.
             Splashed by a jelly's acid (9 damage)
             ... on level 5 of the Dungeon.
             The game lasted 00:08:31 (5985 turns).

Theed the Cleaver (Hill Orc Monk)                   Turns: 5985, Time: 00:08:31

Health: -6/73      AC: -10   Str: 16    XL:     8   Next: 25%
Magic:  8/8        EV:  7    Int: 10    God:    Beogh [**....]
Gold:   155        SH:  0    Dex: 13    Spells: 7/7 levels left

rFire    . . .     SeeInvis .   a - +1 hand axe (vamp)
rCold    . . .     Faith    .   (no shield)
rNeg     . . .     Spirit   .   l - +0 chain mail
rPois    +         Reflect  .   t - +1 helmet
rElec    .         Harm     .   s - +0 cloak
rCorr    .         Rampage  .   (no gloves)
Will     .....                  (no boots)
Stlth    ..........             (no amulet)
HPRegen  0.22/turn              p - ring of poison resistance
MPRegen  0.11/turn              (no ring)

@: corroded, hasted, very quick
A: no striking features
a: Renounce Religion, Smiting


You were on level 5 of the Dungeon.
You worshipped Beogh.
Beogh was pleased with you.
You visited 1 branch of the dungeon, and saw 5 of its levels.

You collected 155 gold pieces.

Inventory:

Hand Weapons
 a - a +1 vampiric hand axe (weapon)
 j - a +0 trident
Missiles
 d - 45 stones (quivered)
Armour
 b - a +0 robe
 h - a +0 ring mail of cold resistance
 l - a +0 chain mail (worn)
 s - a +0 cloak (worn)
 t - a +1 helmet (worn)
Jewellery
 i - a ring of wizardry
 m - the ring "Isati" {rN+ Dex+6}
   (You acquired it on level 5 of the Dungeon)

   [ring of dexterity]

   Dex:       It affects your dexterity (+6).
   rN:        It protects you from negative energy.
 p - a ring of poison resistance (left hand)
Wands
 k - a wand of mindburst (7)
Scrolls
 u - a scroll of magic mapping
Potions
 c - a potion of degeneration {unknown}
 e - a potion of might {unknown}
 f - 3 potions of haste
 g - a potion of cancellation {unknown}
 n - a potion of lignification
 o - 2 potions of curing


   Skills:
 + Level 7.4 Fighting
 + Level 8.1 Axes
 + Level 5.7 Armour
 - Level 2.4 Dodging
 - Level 1.5 Stealth


You had 7 spell levels left.
You didn't know any spells.
Your spell library contained the following spells:

 Spells                   Type           Power      Damage    Failure   Level
 Animate Skeleton         Necr           0%         N/A       99%         1
 Freeze                   Ice            0%         1d3       99%         1
 Pain                     Necr           0%         1d4       99%         1
 Frozen Ramparts          Ice            0%         1d2       100%        3
 Ignite Poison            Fire/Tmut/Pois 0%         N/A       100%        3
 Mephitic Cloud           Conj/Pois/Air  0%         N/A       100%        3
 Vampiric Draining        Necr           0%         2d6       100%        3
 Hailstorm                Conj/Ice       0%         3d3       100%        4
 Bolt of Magma            Conj/Fire/Erth 0%         4d4       100%        5


Dungeon Overview and Level Annotations

Branches:
Dungeon (5/15)
 Temple: D:4-7

Altars:
Hepliaklqana
Nemelex Xobeh
Qazlal
Wu Jian


Message History

You hit the jelly but do no damage. The acid corrodes you!
Your hands burn!
The jelly is heavily wounded.
The jelly hits you. The acid corrodes you!
You are splashed with acid!
* * * LOW HITPOINT WARNING * * *
You hit the jelly but do no damage.
Your hands burn!
* * * LOW HITPOINT WARNING * * *
The jelly is heavily wounded.
The jelly barely misses you.
You feel much better. The jelly hits you. The acid corrodes you!
You are splashed with acid!
You hit the jelly but do no damage.
Your hands burn!
The jelly is heavily wounded.
The jelly hits you.
You are splashed with acid!
* * * LOW HITPOINT WARNING * * *
You feel much better. The jelly hits you.
You are splashed with acid!
Okay, then.
Found a ring mail.
Found a stone staircase leading up.
This is a scroll of acquirement!
Something appears at your feet! The jelly hits you. The acid corrodes you!
You are splashed with acid!
* * * LOW HITPOINT WARNING * * *
Okay, then.
m - the ring "Isati" {rN+ Dex+6} The jelly barely misses you.
As you read the scroll labelled KOEXZE HOAKLAO, it crumbles to dust.
It is a scroll of enchant armour.
Your +0 helmet glows green for a moment.
The jelly hits you.
* * * LOW HITPOINT WARNING * * *
You are splashed with acid!
* * * LOW HITPOINT WARNING * * *
You feel yourself speed up. The jelly hits you.
* * * LOW HITPOINT WARNING * * *
You are splashed with acid!
* * * LOW HITPOINT WARNING * * *
There is a stone staircase leading up here.
The jelly hits you.
* * * LOW HITPOINT WARNING * * *
The acid corrodes you!
You are splashed with acid!
You die...

..........### #.....#
##.##.##..## #.....#
#.#.. #...# #....>#
#.#.####..#####.....#
#...##.....)........#
#..##..########.....#
#..#..## #.....#
#....## ###.....#
##..### #...J.[.#
....#### ....#@....#
##.....##.
.##########
#.###....#
##.........
...........
#..####### #..# .>##
#.# ..####


You could see a jelly.

Vanquished Creatures
  Pikel (D:4)
  A black bear (D:4)
  An ice beast (D:3)
  An ogre (D:5)
  Blork the orc (D:4)
  A water moccasin skeleton (D:4)
  A hound (D:4)
  A centaur skeleton (D:3)
  A jelly (D:4)
  3 adders
  5 dart slugs
  13 orcs
  7 ball pythons
  4 endoplasms (D:1)
  5 giant cockroaches
  4 goblins
  11 hobgoblins
  4 jackals (D:3)
  4 quokkas
  8 bats
  3 frilled lizards
  6 kobolds
  3 rats
89 creatures vanquished.

Vanquished Creatures (others)
  An orc (D:4)
1 creature vanquished.

Grand Total: 90 creatures vanquished

Notes
Turn   | Place    | Note
-------+----------+-------------------------------------------
     0 | D:1      | Theed the Hill Orc Monk began the quest for the Orb.
     0 | D:1      | Reached XP level 1. HP: 19/19 MP: 1/1
   219 | D:1      | Reached XP level 2. HP: 13/27 MP: 2/2
   397 | D:1      | Reached skill level 1 in Armour
   983 | D:1      | Reached XP level 3. HP: 16/33 MP: 3/3
  2326 | D:2      | Reached XP level 4. HP: 37/41 MP: 4/4
  2555 | D:2      | Reached skill level 5 in Axes
  3063 | D:3      | Found a sparkling altar of Nemelex Xobeh.
  3090 | D:3      | Found a hazy altar of Hepliaklqana.
  3156 | D:3      | Found a faded altar of an unknown god.
  3306 | D:3      | Found a stormy altar of Qazlal.
  3622 | D:3      | Reached XP level 5. HP: 41/47 MP: 5/5
  3736 | D:3      | Noticed an ice beast
  3779 | D:3      | Killed an ice beast
  3780 | D:3      | Reached skill level 5 in Fighting
  4334 | D:3      | Reached XP level 6. HP: 46/56 MP: 6/6
  4494 | D:4      | Reached skill level 6 in Axes
  4565 | D:4      | Became a worshipper of Beogh the Brigand
  4565 | D:4      | Reached * piety under Beogh
  4565 | D:4      | Reached ** piety under Beogh
  4624 | D:4      | Found an ornate altar of the Wu Jian Council.
  4908 | D:4      | Noticed Blork the orc
  4924 | D:4      | Killed Blork the orc
  5277 | D:4      | Noticed Pikel
  5301 | D:4      | Killed Pikel
  5302 | D:4      | Reached skill level 7 in Axes
  5302 | D:4      | Reached skill level 5 in Armour
  5302 | D:4      | Reached XP level 7. HP: 33/66 MP: 7/7
  5302 | D:4      | Reached XP level 8. HP: 37/73 MP: 8/8
  5913 | D:5      | Entered Level 5 of the Dungeon
  5955 | D:5      | Reached skill level 8 in Axes
  5975 | D:5      | Identified a scroll of acquirement
  5975 | D:5      | Acquired the ring "Isati" {rN+ Dex+6}
  5979 | D:5      | HP: 3/73 [acid (7)]
  5985 | D:5      | HP: 3/73 [jelly (1)]
  5985 | D:5      | Splashed by a jelly's acid

Illustrated notes

Levels and vault maps discovered:
D:1:      giann_bridges, layout_basic, kennysheep_pointless_box
D:2:      minmay_razor_zed, layout_loops_ring
D:3:      layout_basic, nicolae_qazlal_eye_of_the_storm,
          mainiacjoe_overflow_catwalk_spiral,
          dreamdust_ecumenical_altar_angels_and_demons, grunt_ministairs_8
D:4:      layout_basic, kennysheep_mini, uniq_pikel, uniq_blork_the_orc
D:5:      layout_rooms, mainiacjoe_overflow_chevrons, supply_closet_lemuel

Skill      XL: |  1  2  3  4  5  6  7  8 |
---------------+-------------------------+-----
Armour         | 1 2 3 5 |  5.7
Fighting       | 4 5 7 |  7.4
Axes           | 5 7 8 |  8.1
Dodging        | |  2.4
Stealth        | |  1.5

Action                   |  1- 3 |  4- 6 |  7- 9 || total
-------------------------+-------+-------+-------++-------
Melee: Hand axe          |   144 |   295 |    22 ||   461
Invok: Convert to Beogh  |       |     1 |       ||     1
Evoke: Wand              |       |     5 |     1 ||     6
  Use: Scroll            |     2 |     7 |     2 ||    11
       Potion            |       |     1 |     3 ||     4
 Stab: Sleeping          |     2 |     1 |       ||     3
Armor: Robe              |     7 |       |       ||     7
       Ring mail         |    28 |    82 |       ||   110
       Chain mail        |       |    50 |    12 ||    62
Dodge: Dodged            |    91 |   176 |    11 ||   278
